Map: Lerilak Crest

Players

LilDicky

  • Race: Terran Terran
  • League: Diamond

NewBootGoofn - Winner!

  • Race: Terran Terran
  • League: Diamond

VOD

http://www.twitch.tv/tumescentpie

Description

Time

  • Played on: Nov. 28, 2015, 12:12 a.m.
  • Length: 2:53
Show
View Real Time Build Order
Export as new Build Order

LilDicky Terran 

Build Orders:  

Get SALT Encoding   

  12  0:01  SCV  
  13  0:13  SCV  
  14  0:17  Supply Depot  
  14  0:26  SCV  
  15  0:31  Refinery  
  15  0:39  SCV  
  16  0:45  Barracks  
  16  0:52  SCV  
  17  1:04  SCV  
  18  1:19  Barracks  
  18  1:23  Barracks  
  18  1:25  SCV  
  19  1:34  Reaper  
  20  1:42  Supply Depot  
  20  1:47  Refinery  
  20  2:02  Orbital Command  
  20  2:11  Reaper  
  20  2:12  Reaper  
  22  2:20  Reaper  
  23  2:29  SCV  
Show
View Real Time Build Order
Export as new Build Order

NewBootGoofn Terran - Winner!

Build Orders:  

Get SALT Encoding   

  12  0:14  Supply Depot  
  12  0:38  Barracks  
  12  0:47  Barracks  
  12  1:05  Barracks  
  12  1:12  SCV  
  13  1:25  Marine  
  14  1:33  Marine  
  14  1:37  Supply Depot  
  15  1:43  Marine  
  16  1:51  Marine  
  16  1:53  Marine  
  18  2:01  Marine  
  18  2:03  SCV  
  20  2:11  Marine  
  20  2:13  Marine  
  22  2:20  Marine  
  23  2:29  Marine  
  24  2:31  Marine  
Tags
 
Add a new tag
Caveats
  • Supply blocks, unpowered buildings, or Contaminate may cause inaccurate times.
  • Supply counts are checked every 10 seconds.